 Dungeon Crawl Stone Soup version 0.17.0-28-g6e173f8 (webtiles) character file.

11066 Ijustatesigmund the Basher (level 11, -1/87 HPs)
             Began as a Demonspawn Gladiator on Nov 30, 2015.
             Was a High Priest of Dithmenos.
             Slain by a spiny frog (5 damage)
             ... on level 1 of the Lair of Beasts on Dec 1, 2015.
             The game lasted 00:54:38 (15308 turns).

Ijustatesigmund the Basher (Demonspawn Gladiator)  Turns: 15308, Time: 00:54:38

Health: -1/87      AC: 26    Str: 22    XL:     11   Next: 44%
Magic:  8/17       EV: 11    Int: 13    God:    Dithmenos [*****.]
Gold:   721        SH:  8    Dex: 16    Spells: 1 memorised, 8 levels left

rFire  . . .     SeeInvis .     d - +2 flail (protect)
rCold  + + .     Clarity  .     m - +6 scale mail of the Mackerel {rPois MR- Str+6 Int+3}
rNeg   + + +     SustAt   .     u - +3 buckler
rPois  ∞         Gourm    .     c - +1 helmet
rElec  .         Spirit   .     (no cloak)
rCorr  .         Warding  .     (no gloves)
rMut   .         Stasis   .     I - +1 pair of boots
MR     +++++                    (no amulet)
Stlth  +++++++++.               B - ring of protection from magic
                                p - ring of protection from cold

@: shadow-form, wreathed by umbra, drained, invisible, immune to hostile
enchantments, incredibly stealthy
A: claws 2, icy blue scales 3, nightstalker 3
a: End Transformation, Shadow Step, Shadow Form, Renounce Religion


You were on level 1 of the Lair of Beasts.
You worshipped Dithmenos.
Dithmenos was extremely pleased with you.
You were not hungry.
You were a swirling mass of dark shadows.
You visited 3 branches of the dungeon, and saw 16 of its levels.
You also visited: Sewer.

You collected 1217 gold pieces.
You spent 496 gold pieces at shops.

Inventory:

Hand Weapons
 d - a +2 flail of protection (weapon)
 q - a +0 blowgun
Missiles
 s - 49 poisoned needles
 x - 3 curare-tipped needles
 y - 28 tomahawks (quivered)
 A - 7 needles of slowing
Armour
 c - a +1 helmet (worn)
 m - the +6 scale mail of the Mackerel (worn) {rPois MR- Str+6 Int+3}
   (You found it on level 1 of the Lair of Beasts)

   It affects your strength (+6).
   It affects your intelligence (+3).
   It protects you from poison.
   It affects your resistance to hostile enchantments.
 u - a +3 buckler (worn)
 F - a +2 leather armour of poison resistance
 I - a +1 pair of boots (worn)
Jewellery
 p - a ring of protection from cold (left claw)
 B - a ring of protection from magic (right claw)
 E - an uncursed amulet of stasis
Wands
 n - a wand of polymorph (18)
 t - a wand of invisibility (4)
 w - a wand of draining (2)
Scrolls
 b - a scroll of amnesia
 g - 3 scrolls of magic mapping
 v - 2 scrolls of remove curse
 C - a scroll of teleportation
 G - a scroll of recharging
 J - a scroll of enchant weapon
 K - 2 scrolls of identify
Potions
 a - a potion of resistance
 f - a potion of haste
 h - a potion of cure mutation
 i - 2 potions of curing
 k - 2 potions of flight
 l - a potion of agility
 o - a potion of magic
 r - 2 potions of brilliance
 D - a potion of mutation
 H - a potion of ambrosia
 L - a potion of invisibility
Books
 z - a book of Annihilations

   Spells                             Type                      Level
   a - Poison Arrow                   Conjuration/Poison           6
   b - Chain Lightning                Conjuration/Air              8
   c - Lehudib's Crystal Spear        Conjuration/Earth            8
   d - Glaciate                       Conjuration/Ice              9
   e - Fire Storm                     Conjuration/Fire             9
 M - a book of Minor Magic

   Spells                             Type                      Level
   a - Magic Dart                     Conjuration                  1
   b - Blink                          Translocation                2
   c - Call Imp                       Summoning                    2
   d - Repel Missiles                 Charms/Air                   2
   e - Slow                           Hexes                        2
   f - Conjure Flame                  Conjuration/Fire             3
   g - Mephitic Cloud                 Conjuration/Poison/Air       3
 N - a book of Necromancy

   Spells                             Type                      Level
   a - Pain                           Necromancy                   1
   b - Animate Skeleton               Necromancy                   1
   c - Vampiric Draining              Necromancy                   3
   d - Regeneration                   Charms/Necromancy            3
   e - Animate Dead                   Necromancy                   4
   f - Control Undead                 Necromancy                   4
Comestibles
 e - 6 bread rations
 j - 4 meat rations


   Skills:
 - Level 8.4(8.1) Fighting
 - Level 9.6(9.3) Maces & Flails
 - Level 1.7(1.5) Throwing
 + Level 3.6(3.3) Armour
 - Level 4.5(4.2) Dodging
 - Level 4.0(3.7) Stealth
 - Level 4.7(4.5) Shields
 + Level 5.7(5.4) Translocations
 - Level 8.7(8.4) Invocations


You had 8 spell levels left.
You knew the following spells:

 Your Spells              Type           Power        Failure   Level  Hunger
a - Blink                 Tloc           N/A          17%         2    ###....


Dungeon Overview and Level Annotations

Branches:
Dungeon (11/15)            Temple (0/1) D:6            Lair (2/8) D:10
    Orc (3/4) D:10            Elf (0/3) Orc:3

Altars:
Ashenzari
Cheibriados
Dithmenos
Gozag
Kikubaaqudgha
Makhleb
Okawaru
Qazlal
Ru
Trog
Xom

Shops:
D:5 (   D:7 *   D:9 *   D:10 ?   Orc:1 =

Annotations:
D:4 Eustachio
Orc:1 exclusion: oklob plant
Orc:3 Nessos, Snorg, Urug


Innate Abilities, Weirdness & Mutations

You have very sharp fingernails.
You are completely covered in icy blue scales (AC +4, EV -1, rC+).
You are completely attuned to the shadows.


Message History

The spiny frog is almost dead.
You feel sick.
The spiny frog stings you but does no damage.
You completely miss the spiny frog.
The spiny frog is almost dead.
Your shadow closely misses the spiny frog.
The spiny frog stings you!!
* * * LOW HITPOINT WARNING * * *
Drink which item? (? for menu, Esc to quit)
Okay, then.
Read which item? (? for menu, Esc to quit)
Okay, then.
Drink which item? (? for menu, Esc to quit)
You feel better. The blink frog hits you!
* * * LOW HITPOINT WARNING * * *
You block the spiny frog's attack.
You turn into a swirling mass of dark shadows.
You feel drained.
You fade into the shadows.
The blink frog closely misses you. The spiny frog stings you!
You die...

#.....# ####.÷## #.....
#.....# ##..# #.....
.....÷# #P.##### ####
#..... ......#
###.##P###..# ##.)..
÷.÷##.#
#..#......###.....
..#####
##..........####... .##
###...........###....
.##
##....F.........###...
..#
#....WF.........##.#..
.##
#...............##....
.#
##.........†..........
.#
###............#......
##
#.............####....
# ###.#..........#
#..... #
#P...##........# #.....
##.#######....####.....
##.## ###### #......


You could see a spiny frog and a blink frog.

Vanquished Creatures
  Erolcha (Orc:2)
  An unseen horror (D:10)
  A gargoyle (D:11)
  A komodo dragon (D:10)
  3 trolls
  A trapdoor spider zombie (D:10)
  A blink frog (Lair:1)
  A wyvern (D:8)
  A wraith (D:8)
  5 yaks (D:8)
  A hungry ghost (D:10)
  A hill giant zombie (D:10)
  A deep elf mage (D:10)
  2 hippogriffs
  2 wargs
  A soldier ant (D:11)
  An ice beast (D:5)
  A water moccasin (D:6)
  7 orc warriors
  2 sky beasts
  A porcupine (Lair:1)
  A black bear (D:10)
  4 phantoms
  6 ogres
  3 centaurs
  3 big kobolds
  2 crocodiles (Lair:1)
  The ghost of lorenzova the Conjurer, an amateur DECj (Sewer)
  Blork the orc (D:6)
  5 giant frogs
  A wyvern skeleton (D:8)
  6 scorpions
  A troll zombie (D:10)
  A water moccasin skeleton (D:5)
  3 wights (D:7)
  A giant frog zombie (D:6)
  7 crimson imps
  2 centaur skeletons
  2 jellies
  16 orc wizards
  A quasit (D:8)
  5 hounds
  17 orc priests
  3 iguanas
  Natasha (thrice) (D:4)
  9 worker ants
  4 ogre zombies (D:10)
  A hound zombie (D:8)
  A hound skeleton (D:6)
  7 adders
  20 river rats
  2 shadow imps
  An ooze (D:1)
  2 worms
  104 orcs
  5 ball pythons
  9 bats
  11 giant cockroaches
  4 goblins
  6 hobgoblins
  24 jackals
  22 kobolds
  3 quokkas
  7 giant geckos
  A giant gecko skeleton (D:4)
  9 giant newts
  3 goblin skeletons (D:10)
  2 goblin zombies (D:10)
  A hobgoblin zombie (D:10)
  An orc skeleton (D:10)
  12 orc zombies (D:10)
  16 rats
418 creatures vanquished.

Vanquished Creatures (others)
  A ball python (Sewer)
  8 bushes (D:11)
  17 plants (D:10)
26 creatures vanquished.

Grand Total: 444 creatures vanquished

Notes
Turn   | Place    | Note
--------------------------------------------------------------
     0 | D:1      | Ijustatesigmund the Demonspawn Gladiator began the quest for the Orb.
     0 | D:1      | Reached XP level 1. HP: 16/16 MP: 1/1
    66 | D:1      | Reached skill level 3 in Maces & Flails
    98 | D:1      | Gained mutation: You are slightly more attuned to the shadows. [demonic ancestry]
    98 | D:1      | Reached XP level 2. HP: 20/22 MP: 2/2
   452 | D:1      | Gained mutation: You are partially covered in icy blue scales (AC +1). [demonic ancestry]
   452 | D:1      | Reached XP level 3. HP: 20/27 MP: 3/3
   708 | D:2      | Reached skill level 4 in Maces & Flails
  1241 | D:2      | Gained mutation: You are significantly more attuned to the shadows. [demonic ancestry]
  1241 | D:2      | Reached XP level 4. HP: 31/33 MP: 4/4
  1630 | D:3      | Found a shadowy altar of Dithmenos.
  1650 | D:3      | Became a worshipper of Dithmenos the Shadowed
  1669 | D:3      | Reached skill level 5 in Maces & Flails
  1848 | D:3      | Found an ancient bone altar of Kikubaaqudgha.
  2254 | D:4      | Noticed Eustachio
  2357 | D:4      | Noticed an ogre
  2378 | D:4      | Killed an ogre
  2378 | D:4      | Reached skill level 1 in Stealth
  2378 | D:4      | Reached skill level 1 in Invocations
  2378 | D:4      | Gained mutation: You are mostly covered in icy blue scales (AC +3, EV -1). [demonic ancestry]
  2378 | D:4      | Reached XP level 5. HP: 28/38 MP: 4/6
  2435 | D:4      | Noticed Natasha
  2449 | D:4      | Gained mutation: You have sharp fingernails. [demonic ancestry]
  2449 | D:4      | Reached XP level 6. HP: 34/44 MP: 7/7
  2478 | D:4      | Killed Natasha
  2478 | D:4      | Reached * piety under Dithmenos
  2540 | D:4      | Noticed Natasha
  2717 | D:5      | Entered Level 5 of the Dungeon
  2752 | D:5      | Found Jamumell's Weapon Shoppe.
  2834 | D:5      | Reached skill level 1 in Shields
  2900 | D:5      | Reached skill level 6 in Maces & Flails
  2911 | D:5      | Found a glowing drain.
  2968 | Sewer    | Entered a sewer
  3175 | Sewer    | Noticed lorenzova's ghost (amateur DECj)
  3200 | Sewer    | Killed lorenzova's ghost
  3200 | Sewer    | Reached XP level 7. HP: 47/50 MP: 9/9
  4061 | D:4      | Noticed an ogre
  4071 | D:4      | Killed an ogre
  4071 | D:4      | Reached skill level 7 in Maces & Flails
  4071 | D:4      | Gained mutation: You are completely attuned to the shadows. [demonic ancestry]
  4071 | D:4      | Reached XP level 8. HP: 29/56 MP: 10/10
  4322 | D:4      | Killed Natasha
  4399 | D:4      | Noticed Natasha
  4406 | D:4      | Killed Natasha
  4551 | D:4      | Found a shimmering altar of Xom.
  4755 | D:4      | Found a stormy altar of Qazlal.
  4865 | D:5      | Found a bloodstained altar of Trog.
  4888 | D:5      | Reached ** piety under Dithmenos
  5134 | D:5      | Found an iron altar of Okawaru.
  5353 | D:5      | Found an opulent altar of Gozag.
  5886 | D:6      | Found a staircase to the Ecumenical Temple.
  5979 | D:6      | Reached skill level 8 in Maces & Flails
  6195 | D:6      | Noticed Blork the orc
  6210 | D:6      | Killed Blork the orc
  6505 | D:6      | Reached skill level 5 in Invocations
  6513 | D:6      | Found a bloodstained altar of Trog.
  6699 | D:7      | Found a shimmering altar of Xom.
  6717 | D:7      | Gained mutation: You are completely covered in icy blue scales (AC +4, EV -1, rC+). [demonic ancestry]
  6717 | D:7      | Reached XP level 9. HP: 50/65 MP: 12/12
  6812 | D:7      | Reached *** piety under Dithmenos
  7026 | D:7      | Found Qodgh's Assorted Antiques.
  7031 | D:7      | Bought a fuming yellow potion for 25 gold pieces
  7031 | D:7      | Bought a smoky green potion for 25 gold pieces
  7031 | D:7      | Bought a scroll of identify for 56 gold pieces
  7127 | D:7      | Found a burning altar of Makhleb.
  7341 | D:8      | Reached skill level 5 in Fighting
  7376 | D:8      | Reached skill level 9 in Maces & Flails
  7631 | D:8      | Found a snail-covered altar of Cheibriados.
  7667 | D:8      | Found a sacrificial altar of Ru.
  7716 | D:8      | Reached XP level 10. HP: 76/76 MP: 15/15
  7996 | D:8      | Found a shattered altar of Ashenzari.
  8405 | D:9      | Found Lyname's General Store.
  8411 | D:9      | Bought a +2 leather armour of poison resistance for 176 gold pieces
  8923 | D:10     | Entered Level 10 of the Dungeon
  9020 | D:10     | Found Nihara's Magic Scroll Shoppe.
  9100 | D:10     | Bought a scroll of identify for 26 gold pieces
  9100 | D:10     | Bought a scroll of identify for 26 gold pieces
  9100 | D:10     | Bought a scroll of teleportation for 39 gold pieces
  9100 | D:10     | Bought a scroll of identify for 26 gold pieces
  9100 | D:10     | Bought a scroll of enchant armour for 97 gold pieces
  9307 | D:10     | Found a staircase to the Orcish Mines.
  9462 | D:10     | Reached **** piety under Dithmenos
 10129 | D:10     | Found a staircase to the Lair.
 10212 | D:10     | Reached skill level 1 in Armour
 10886 | D:11     | Noticed a cyclops
 11730 | D:10     | Killed an unseen horror
 11730 | D:10     | Gained mutation: You have very sharp fingernails. [demonic ancestry]
 11730 | D:10     | Reached XP level 11. HP: 51/87 MP: 17/17
 11886 | D:10     | Learned a level 2 spell: Blink
 11991 | D:10     | Reached skill level 1 in Translocations
 12289 | Orc:1    | Entered Level 1 of the Orcish Mines
 12415 | Orc:1    | Found Zaitex Ylos's Jewellery Shoppe.
 12468 | Orc:1    | Reached ***** piety under Dithmenos
 12646 | Orc:2    | Noticed Erolcha
 12661 | Orc:2    | Killed Erolcha
 13520 | Orc:3    | Found a staircase to the Elven Halls.
 13554 | Orc:3    | Noticed Urug
 13561 | Orc:3    | Noticed a sun demon
 13596 | Orc:3    | Reached skill level 5 in Translocations
 13626 | Orc:3    | Noticed Snorg
 13632 | Orc:3    | Noticed Nessos
 14166 | Lair:1   | Entered Level 1 of the Lair of Beasts
 14276 | Lair:1   | Got a twisted scale mail
 14299 | D:10     | Identified the +6 scale mail of the Mackerel {rPois MR- Str+6 Int+3} (You found it on level 1 of the Lair of Beasts)
 15306 | Lair:1   | HP: 3/87 [spiny frog (19)]
 15308 | Lair:1   | Slain by a spiny frog

Action                   |  1- 3 |  4- 6 |  7- 9 | 10-12 || total
-------------------------+-------+-------+-------+-------++-------
Melee: Flail             |   134 |   214 |   525 |   892 ||  1765
Throw: Throwing net      |       |     2 |     3 |       ||     5
       Tomahawk          |       |       |     3 |    11 ||    14
Invok: Shadow Step       |       |       |       |     1 ||     1
       Shadow Form       |       |       |       |     1 ||     1
Evoke: Wand              |       |     2 |     2 |     3 ||     7
  Use: Scroll            |     3 |     9 |    11 |    16 ||    39
       Potion            |     1 |       |     5 |     4 ||    10
 Stab: Sleeping          |     5 |    10 |    20 |    45 ||    80
       Held in net/web   |       |     2 |       |       ||     2
       Invisible         |       |     3 |     2 |       ||     5
       Distracted        |       |       |     6 |     1 ||     7
  Eat: Chunk             |     1 |     5 |    15 |     8 ||    29
       Beef jerky        |       |     1 |     1 |     1 ||     3
       Bread ration      |       |       |       |     4 ||     4
       Pizza             |       |       |       |     1 ||     1
       Royal jelly       |       |       |       |     1 ||     1
